AoeStats
← RDA Ronan

African Clearing

505051099Analyzed
4v4 RM · 25d ago on Sep 7, 2026· 29m 39s· 8 players
Game mode
Random Map
Map size
Large (8 player)
Population
200
Speed
Normal
Resources
Standard
Victory
Conquest
Starting age
Dark Age
Ending age
Imperial Age
RankedLock teamsTeams togetherTeam positionsShared explorationLock speedFull tech treeHidden civsTurbo modeCheats
Victory
Defeat
🇧🇷 Tupi · Brazil
1276
+13
🇮🇳 Hindustanis · India
1273
+13
🇺🇸 Vikings · United States
1246
+14
🇳🇱 Ethiopians · Netherlands
1204
+16
🇦🇷 Jurchens · Argentina
1220
-15
🇦🇷 Italians · Argentina
1212
-14
🇦🇷 Bohemians · Argentina
1200
-14
🇪🇸 Bengalis · Spain
1186
-13
Zenar
5:13 Loom
15:28 Feudal Age
21:40 Castle Age
21:10 Scale Mail Armor
22:01 Pikeman
22:52 Double-Bit Axe
23:23 Horse Collar
24:01 Squires
Sappy22
4:16 Loom
17:58 Feudal Age
18:02 Man-at-Arms
19:24 Wheelbarrow
20:14 Fletching
21:57 Scale Mail Armor
26:02 Castle Age
24:54 Padded Archer Armor
25:38 Double-Bit Axe
26:07 Crossbowman
27:24 Bow Saw
27:24 Bodkin Arrow
BaianinhoDeMaua
5:57 Loom
14:14 Feudal Age
16:35 Fletching
17:50 Padded Archer Armor
31:01 Castle Age
Weary Sigh
13:46 Feudal Age
17:53 Castle Age
15:40 Loom
16:31 Double-Bit Axe
17:19 Scale Mail Armor
19:05 Town Watch
26:19 Chain Mail Armor
27:16 Squires
27:46 Arson
RDA | Karnage
13:30 Feudal Age
11:48 Loom
13:17 Loom
17:32 Wheelbarrow
22:44 Fletching
22:55 Padded Archer Armor
26:14 Castle Age
27:14 Elite Skirmisher
29:29 Bodkin Arrow
29:49 Leather Archer Armor
RDA Infernus
4:33 Loom
13:01 Feudal Age
13:47 Double-Bit Axe
21:23 Wheelbarrow
22:22 Town Watch
26:46 Castle Age
25:10 Scale Barding Armor
25:06 Horse Collar
26:37 Forging
27:23 Bloodlines
26:55 Light Cavalry
RDA | Damiii el TORO
3:37 Loom
13:21 Feudal Age
14:31 Double-Bit Axe
19:07 Town Watch
20:29 Fletching
26:03 Padded Archer Armor
RDA Ronan
5:21 Loom
12:07 Feudal Age
14:19 Double-Bit Axe
21:42 Castle Age
22:06 Crossbowman
23:28 Wheelbarrow
24:57 Fletching
27:47 Bow Saw
Connection lost

Rejoining the realm…

Still unreachable

The connection could not be restored.

Session expired

The server has moved on; the page needs a fresh start.